 Dungeon Crawl Stone Soup version 0.17-a0-1504-gb7d9117 (webtiles) character file.

101 urechis the Sneak (level 4, -1/23 HPs)
             Began as a Vine Stalker Assassin on July 7, 2015.
             Slain by Parakulo's ghost (9 damage)
             ... on level 3 of the Dungeon.
             The game lasted 00:04:09 (2282 turns).

urechis the Sneak (Vine Stalker Assassin)           Turns: 2282, Time: 00:04:09

Health: -1/23      AC:  6    Str: 14    XL:     4   Next: 75%
Magic:  0/5        EV: 11    Int: 11    God:
Gold:   136        SH:  0    Dex: 16    Spells: 0 memorised, 3 levels left

rFire  + . .     SeeInvis .     a - +2 dagger
rCold  + . .     Clarity  .     c - +0 robe
rNeg   . . .     SustAt   .     (no shield)
rPois  .         Gourm    .     (no helmet)
rElec  .         Spirit   +     d - +0 cloak
rCorr  .         Warding  .     (no gloves)
rMut   .         Stasis   +     G - +2 pair of boots
MR     .....                    s - amulet of stasis
Stlth  +++.......               p - ring of protection from cold
                                q - ring of protection from fire

@: not resistant to hostile enchantments, fairly stealthy
A: fangs 2, regeneration 1, magic shield, antimagic bite, no device heal 3, rot
immunity
a: no special abilities


You were on level 3 of the Dungeon.
You were hungry.

You visited 1 branch of the dungeon, and saw 3 of its levels.

You collected 136 gold pieces.

Inventory:

Hand weapons
 a - a +2 dagger (weapon)
 b - a +0 blowgun
 r - a +1 dagger of venom
Missiles
 e - 8 poisoned needles
 f - 2 curare-tipped needles
 E - 5 needles of sleeping
Armour
 c - a +0 robe (worn)
 d - a +0 cloak (worn)
 G - a +2 pair of boots (worn)
Jewellery
 n - an uncursed amulet of resist corrosion
 p - a ring of protection from cold (right hand)
 q - a ring of protection from fire (left hand)
 s - an amulet of stasis (around neck)
 A - an uncursed ring of protection from fire
Scrolls
 i - 2 scrolls of teleportation {unknown}
 k - 4 scrolls of identify {unknown}
 u - 2 scrolls of random uselessness {unknown}
 v - 2 scrolls of fear {unknown}
 x - a scroll of recharging {unknown}
 y - a scroll of enchant armour {unknown}
 C - a scroll of fog {unknown}
Potions
 j - a potion of magic {unknown}
 l - 2 potions of haste {unknown}
 m - 3 potions of might {unknown}
 o - a potion of heal wounds {unknown}
 t - a potion of brilliance {unknown}
 w - a potion of ambrosia {unknown}
 z - a potion of resistance {unknown}
 B - 2 potions of flight {unknown}
 D - a potion of curing {unknown}
 F - a potion of cancellation {unknown}
Comestibles
 g - 5 bread rations
 h - a slice of pizza


   Skills:
 - Level 1.7 Fighting
 + Level 3.2 Short Blades
 - Level 1.7 Throwing
 - Level 0.7 Dodging
 + Level 6.3 Stealth


You had 3 spell levels left.
You didn't know any spells.

Dungeon Overview and Level Annotations

Branches:
Dungeon (3/15)

Altars:
Gozag

Annotations:
D:3 Parakulo's ghost, average FeMo


Innate Abilities, Weirdness & Mutations

You have extremely sharp teeth.
Your natural rate of healing is unusually fast.
When hurt, damage is shared between your health and your magic reserves.
Your bite disrupts and absorbs the magic of your enemies.
Potions and wands cannot restore your health.
You are immune to rotting.


Message History

Parakulo's ghost is almost destroyed.
Parakulo's ghost barely misses you.
You miss Parakulo's ghost. Your bite misses Parakulo's ghost.
Parakulo's ghost is almost destroyed.
Parakulo's ghost closely misses you.
You miss Parakulo's ghost.
Parakulo's ghost is almost destroyed.
Parakulo's ghost hits you.
You completely miss Parakulo's ghost. Your bite misses Parakulo's ghost.
Parakulo's ghost is almost destroyed.
Parakulo's ghost barely misses you.
You miss Parakulo's ghost.
Parakulo's ghost is almost destroyed.
Parakulo's ghost closely misses you.
You hit Parakulo's ghost but do no damage.
Parakulo's ghost is almost destroyed.
You miss Parakulo's ghost. You bite Parakulo's ghost. You drain its power.
Parakulo's ghost is almost destroyed.
Parakulo's ghost hits you!
You die...

#..#
#.............
#..#
####.###......
# #..########
#.###......
#.#.........#
#..##......
######.#.....#
#.#
#####.##..####
.....# '.....#
#.#
#.........# #
####.###.....#
#.#
#.###..#.#####
#.........#
#W# #.#
##.#.#....
#####.....#
#@# #.#
#.#.#....
##'######.#
#.# #.#......
#........# #.#
#.#.#....
########## #.#
#.#.#.).. #.#
#...#.... #.#
##..#....
#.#####..#####
#.#.....>.#
#.#.......#


You could see Parakulo's ghost.

Vanquished Creatures
  A gnoll (D:1)
  4 adders
  An ooze (D:1)
  3 worms
  7 bats
  6 hobgoblins
  2 jackals (D:1)
  2 quokkas
  2 giant newts
  4 goblins
  4 kobolds
  7 rats
43 creatures vanquished.

Notes
Turn   | Place    | Note
--------------------------------------------------------------
     0 | D:1      | urechis the Vine Stalker Assassin began the quest for the Orb.
     0 | D:1      | Reached XP level 1. HP: 11/11 MP: 2/2
   176 | D:1      | Reached skill level 5 in Stealth
   322 | D:1      | Reached XP level 2. HP: 15/15 MP: 3/3
   929 | D:1      | Reached XP level 3. HP: 18/18 MP: 4/4
  1369 | D:2      | Reached skill level 6 in Stealth
  1380 | D:2      | Reached XP level 4. HP: 20/23 MP: 5/5
  2032 | D:3      | Found an opulent altar of Gozag.
  2244 | D:3      | Noticed Parakulo's ghost (average FeMo)
  2282 | D:3      | Slain by Parakulo's ghost

Vault maps used:
D:1:      scummos_arrival_hexagon
D:2:      lemuel_upstairs_altar, first_bread
D:3:      nicolae_gozag_cash_rules_everything_around_me

Action                   |  1- 3 |  4- 6 || total
-------------------------+-------+-------++-------
Melee: Dagger            |    58 |    48 ||   106
 Stab: Sleeping          |    11 |     9 ||    20
  Eat: Chunk             |     1 |     1 ||     2
       Pizza             |       |     1 ||     1
